[Event "Early-Titled-Tuesday-Blitz-November-28-2023"]
[Site "Chess.com"]
[Date "2023.11.28"]
[Round "3"]
[White "bascheyaro"]
[Black "Pastore1978"]
[Result "1-0"]
[WhiteElo "2843"]
[BlackElo "2440"]
[TimeControl "180+1"]
[EndTime "8:30:05 PST"]
[Termination "bascheyaro won on time"]

1. d4 d5 2. Nf3 Nf6 3. c4 e6 4. Nc3 c6 5. Bg5 h6 6. Bh4 Be7 7. e3 O-O 8. Qc2 Nbd7 9. Rd1 b6 10. a3 Bb7 11. cxd5 Nxd5 12. Bxe7 Qxe7 13. Bd3 c5 14. Nxd5 Bxd5 15. Bh7+ Kh8 16. Be4 Nf6 17. Bxd5 Nxd5 18. dxc5 Qxc5 19. Qxc5 bxc5 20. Rc1 Rab8 21. Rc2 f6 22. Ke2 Rb5 23. Nd2 Rfb8 24. Nc4 Nb6 25. Nd6 Rb3 26. Rxc5 Rxb2+ 27. Kf3 Nd7 28. Rc7 Ne5+ 29.
Kg3 a5 30. Ra7 Ra2 31. Rxa5 Rbb2 32. Rf1 h5 33. h4 Nd3 34. Rxh5+ Kg8 35. Rb5 Rxf2 36.
Rxf2 Nxf2 37. Rb4 Nd3 38. Rb3 Ne5 39. h5 Kh7 40. Kh3 Re2 41. g4 Nf3 42. Kg3 Ng5 43. Rc3 Ra2 44. Rd3 Ra1 45. e4 Re1 46. a4 Nxe4+ 47.
Nxe4 Rxe4 48. Ra3 Rd4 49. a5 Rd7 50. a6 Ra7 51. Kf4 Kg8 52. Ke4 Kf7 53. Kd4 Ke7 54.
Kc5 Kd7 55. Kb6 Ra8 56. Kb7 Rh8 57. Rd3+ Ke7 58. a7 1-0

[Event "Early-Titled-Tuesday-Blitz-November-28-2023"]
[Site "Chess.com"]
[Date "2023.11.28"]
[Round "3"]
[White "Fonsofan"]
[Black "h4parah5"]
[Result "1-0"]
[WhiteElo "2729"]
[BlackElo "2934"]
[TimeControl "180+1"]
[EndTime "8:30:07 PST"]
[Termination "Fonsofan won by resignation"]

1. e4 c5 2. Nf3 Nc6 3. Bb5 e6 4. O-O Nge7 5. Re1 a6 6. Bf1 d5 7. exd5 Nxd5 8. d4 Nf6 9. dxc5 Bxc5 10.
Qxd8+ Kxd8 11. Be3 Bxe3 12. Rxe3 Bd7 13. Nc3 b5 14. Rd1 Kc7 15. Ng5 Rhf8 16. Nge4 Nxe4 17.
Nxe4 Rad8 18. Red3 Bc8 19. Rxd8 Nxd8 20. f3 h6 21. Kf2 Nc6 22. Ke3 Nb4 23. c4 bxc4 24. Bxc4 Bb7 25. Nc5 Bd5 26. Rc1 Kd6 27. Ne4+ Ke7 28. a3 Rc8 29. b3 f5 30. axb4 fxe4 31. fxe4 Bb7 32. g3 Rc6 33. Rf1 Rb6 34. Kd4 Rxb4 35.
Kc5 a5 36. Ra1 Bxe4 37. Rxa5 Rb8 38. b4 Rc8+ 39. Kd4 Bg2 40. b5 e5+ 41. Kc3 Bd5 42.
Ra4 Kd6 43. Kd3 Kc5 44. Bxd5 Kxd5 45. b6 Rb8 46. Rb4 Kc5 47. Rb1 Kd5 48. b7 g6 49.
Rb6 h5 50. h4 Kc5 51. Rb1 Kd5 52. Ke3 e4 53. Rb2 Ke5 54. Rb5+ Kd6 55. Kxe4 Kc6 56. Rb2 Kc7 57. Kf4 Rf8+ 58. Kg5 Kb8 59. Rb3 Rf5+ 60. Kxg6 Rd5 61. Rf3 Rc5 62. Rf5 Rc3 63. Rg5 1-0

[Event "Early-Titled-Tuesday-Blitz-November-28-2023"]
[Site "Chess.com"]
[Date "2023.11.28"]
[Round "3"]
[White "alexrustemov"]
[Black "Kolle05"]
[Result "1-0"]
[WhiteElo "2866"]
[BlackElo "2656"]
[TimeControl "180+1"]
[EndTime "8:30:07 PST"]
[Termination "alexrustemov won on time"]

1. d4 Nf6 2. c4 g6 3. Nf3 Bg7 4. g3 O-O 5. Bg2 d6 6. Nc3 Nc6 7. O-O e5 8. h3 exd4 9. Nxd4 Nxd4 10. Qxd4 Be6 11. Qd3 Nd7 12. Nd5 Ne5 13. Qc2 c6 14. Ne3 f5 15. f4 Nf7 16. Kh2 a5 17. Rb1 Re8 18. Qd3 Qe7 19. b3 Rad8 20. Bb2 Bc8 21. Bxg7 Kxg7 22. Rf3 Qf6 23. Rd1 Re7 24. Rd2 Rde8 25.
Nd1 h5 26. Re3 h4 27. Rxe7 hxg3+ 28. Qxg3 Rxe7 29. Qc3 Re6 30. Qxf6+ Kxf6 31. Kg3 g5 32.
fxg5+ Nxg5 33. h4 Ne4+ 34. Bxe4 Rxe4 35. Nf2 Re3+ 36. Kf4 Rc3 37. Rxd6+ Be6 38. Rd2 Rc1 39. e4 a4 40. e5+ Ke7 41. Nd3 Rh1 42. Kg5 Rg1+ 43.
Kh6 a3 44. h5 Bf7 45. Nf4 Rb1 46. Ng6+ Bxg6 47. hxg6 Rb2 48. Rd1 Rh2+ 49. Kg7 Rxa2 50. Rh1 Rg2 51. Kh7 a2 52. g7 Kf7 53. e6+ Kxe6 54.
g8=Q+ Rxg8 55. Kxg8 f4 56. Ra1 Ke5 57. Rxa2 Kd4 58.
Rf2 Ke3 59. Rf1 f3 60. Kf7 Ke2 61. Rh1 1-0

[Event "Early-Titled-Tuesday-Blitz-November-28-2023"]
[Site "Chess.com"]
[Date "2023.11.28"]
[Round "3"]
[White "Akylbek2021"]
[Black "DawidCzerw"]
[Result "1/2-1/2"]
[WhiteElo "2230"]
[BlackElo "2531"]
[TimeControl "180+1"]
[EndTime "8:30:07 PST"]
[Termination "Game drawn by repetition"]

1. c4 c5 2. Nf3 Nc6 3. Nc3 g6 4. d4 cxd4 5. Nxd4 Nf6 6. g3 d6 7. Bg2 Bg7 8. Nxc6 bxc6 9. Bxc6+ Bd7 10. Bxa8 Qxa8 11. O-O Bh3 12. f3 Bxf1 13. Qxf1 Qc6 14. e4 Nd7 15. Be3 Bxc3 16. bxc3 Nb6 17. Rb1 O-O 18.
Bxb6 axb6 19. Qd3 Ra8 20. Qd5 Qc8 21. Rb2 Ra5 22. Qd4 Rc5 23. Rxb6 Rxc4 24. Rb8 Qxb8 25. Qxc4 Qb1+ 26. Kg2 Qc2+ 27. Kh3 Qf2 28. f4 h5 29. a4 h4 30. a5 hxg3 31. hxg3 Qf3 32. Kh2 Qf2+ 33.
Kh3 Qf3 34. Kh2 Kg7 35. a6 f6 36. Qd4 Qe2+ 37. Kh3 Qxa6 38. Kg2 Qe2+ 39. Kh3 Qf1+ 40.
Kh2 Qe2+ 41. Kh3 Kf7 42. Qd5+ Kf8 43. Qa8+ Kg7 44. Qd5 g5 45. fxg5 Qh5+ 46. Kg2 fxg5 47. c4 Qe2+ 48. Kh3 Qf1+ 49. Kh2 Qf6 50. c5 dxc5 51.
Qxc5 g4 52. Qe3 Qh6+ 53. Qxh6+ Kxh6 54. Kg2 Kg6 55. Kf2 Kf6 56. Ke3 Ke5 57. Kd3 Kd6 58. Kd4 e5+ 59. Kc4 Kc6 60. Kb4 Kb6 61. Kc4 Kc6 62.
Kb4 Kb6 63. Kc4 Kc6 1/2-1/2

[Event "Early-Titled-Tuesday-Blitz-November-28-2023"]
[Site "Chess.com"]
[Date "2023.11.28"]
[Round "3"]
[White "NCchamp"]
[Black "Emp3rador"]
[Result "0-1"]
[WhiteElo "2342"]
[BlackElo "2559"]
[TimeControl "180+1"]
[EndTime "8:30:08 PST"]
[Termination "Emp3rador won on time"]

1. e4 e6 2. d4 d5 3. exd5 exd5 4.
Nf3 Nf6 5. Bd3 Bd6 6. Qe2+ Qe7 7.
Qxe7+ Kxe7 8. Bg5 h6 9. Bh4 Bg4 10. Ne5 Be6 11. O-O g5 12. Bg3 Ne4 13. Bxe4 dxe4 14.
Re1 f5 15. Ng6+ Kf6 16. Bxd6 Kxg6 17. Bxc7 Nc6 18. c3 Rac8 19. Bd6 Rhd8 20. Ba3 b5 21. Bc5 a5 22. Nd2 Ne5 23. Nxe4 fxe4 24. Rxe4 Rd5 25.
Rae1 Rcxc5 26. dxc5 Kf6 27. c6 Bf5 28. Rd4 Rxd4 29.
cxd4 Nxc6 30. d5 Ne5 31. d6 Nc4 32. Rd1 Bd7 33. b3 Nb6 34. g3 Ke6 35. f4 gxf4 36. gxf4 Nd5 37. Rd4 Kxd6 38. Kf2 Bf5 39. Kf3 Kc5 40. Rd2 b4 41. Re2 Bb1 42. Kg4 Nc3 43. Re5+ Kb6 44. Re6+ Kc7 45. Rxh6 Bxa2 46. Ra6 Bxb3 47.
Rxa5 Bd1+ 48. Kg5 Kb6 49. Ra8 b3 50. Rb8+ Kc7 51. Rb4 Nd5 52. Rxb3 Bxb3 53. h4 Kd6 54. h5 Bc2 55. f5 Ke7 56. h6 Kf7 57. h7 Kg7 58. f6+ Kxh7 0-1

[Event "Early-Titled-Tuesday-Blitz-November-28-2023"]
[Site "Chess.com"]
[Date "2023.11.28"]
[Round "3"]
[White "Elbebiber"]
[Black "Levanzovsky"]
[Result "1-0"]
[WhiteElo "2120"]
[BlackElo "2346"]
[TimeControl "180+1"]
[EndTime "8:30:08 PST"]
[Termination "Elbebiber won by resignation"]

1. d4 Nf6 2. Bg5 d5 3. Bxf6 gxf6 4. e3 c5 5. Nf3 e6 6. c4 cxd4 7. exd4 Qb6 8. Qb3 dxc4 9. Bxc4 Nc6 10. Qxb6 axb6 11.
Nc3 Bd7 12. O-O Bd6 13. d5 Ne5 14. Nxe5 Bxe5 15. dxe6 fxe6 16. Rfe1 Ke7 17. g3 Rhc8 18. Bb3 Bxc3 19. bxc3 Rxc3 20. Rad1 Ra5 21. Rd4 e5 22. Rh4 Bf5 23. Rb4 Rc6 24. f4 Rac5 25. fxe5 fxe5 26. Kf2 Bg6 27. Re2 Rf6+ 28. Ke3 Rc3+ 29. Kd2 Rd3+ 30. Ke1 e4 31. Bc2 Kd7 32. Bxd3 exd3 33. Re3 Kc6 34. Rd4 Kc5 35. Rf4 Rd6 36. Kd2 b5 37. a3 Ra6 38. Rb4 Rxa3 39. Rb2 b4 40. h4 h5 41. Re6 Bf7 42. Rf6 Bd5 43. Rf5 Rc3 44.
Rxh5 b5 45. Rg5 Kd4 46. h5 Be4 47. h6 Rc2+ 48. Rxc2 dxc2 49. Kc1 Kc3 50. Rg7 b3 51. Rc7+ Kd3 52. Rd7+ Kc3 53. Rc7+ Kb4 54. Rd7 Ka3 55. Ra7+ Kb4 56. Kb2 Bd3 57. Rc7 Bg6 58. h7 Bxh7 59.
Rxh7 Kc4 60. Rc7+ Kd3 61. g4 Ke4 62. Rd7 1-0

[Event "Early-Titled-Tuesday-Blitz-November-28-2023"]
[Site "Chess.com"]
[Date "2023.11.28"]
[Round "3"]
[White "sergiochess83"]
[Black "FARIZA2018"]
[Result "1/2-1/2"]
[WhiteElo "2877"]
[BlackElo "2528"]
[TimeControl "180+1"]
[EndTime "8:30:10 PST"]
[Termination "Game drawn - insufficient material"]

1. d4 Nf6 2. Bg5 Ne4 3. Bf4 d5 4. e3 c5 5. Nd2 Nxd2 6. Qxd2 cxd4 7.
exd4 Nc6 8. Nf3 Bf5 9. Ne5 Rc8 10. Nxc6 bxc6 11. Ba6 Rb8 12. Bxb8 Qxb8 13. c3 e6 14. Bd3 Bg6 15. b4 Bd6 16. g3 Qd8 17. O-O Bh5 18. f4 O-O 19. Rae1 Bg4 20. Kg2 Qf6 21. h3 Bh5 22. f5 exf5 23. Bxf5 Qd8 24. Qd3 g6 25.
Bg4 Bxg4 26. hxg4 Qg5 27. Qf3 Kg7 28. Re2 a6 29. a4 h6 30. Ref2 f6 31. Re2 Rf7 32. Re6 Bf8 33. Rxc6 f5 34. gxf5 Rxf5 35. Qe2 Rxf1 36. Qxf1 Qe7 37. Qf2 Qe4+ 38. Kh2 Be7 39. b5 axb5 40. axb5 h5 41. Rc7 h4 42. gxh4 Kh6 43. Rxe7 Qxe7 44. b6 Qd6+ 45. Qg3 Qxb6 46. Qg5+ Kh7 47. Qxd5 Qb2+ 48. Kg3 Qxc3+ 49. Kg4 Qd2 50.
Qe5 Qd1+ 51. Kg3 Qd3+ 52. Kf4 Qd2+ 53. Kg4 Qg2+ 54. Kf4 Qh2+ 55. Kg5 Qg2+ 56. Kf6 Qc6+ 57. Kf7 Qd7+ 58. Qe7 Qxd4 59. Kf8+ Kh8 60. Ke8 Qg7 61. Qf8+ Qxf8+ 62. Kxf8 Kh7 63. Kf7 Kh6 64. Kg8 Kh5 65.
Kg7 Kxh4 66. Kxg6 1/2-1/2

[Event "Early-Titled-Tuesday-Blitz-November-28-2023"]
[Site "Chess.com"]
[Date "2023.11.28"]
[Round "3"]
[White "ATM622"]
[Black "jens1102"]
[Result "0-1"]
[WhiteElo "2456"]
[BlackElo "2626"]
[TimeControl "180+1"]
[EndTime "8:30:10 PST"]
[Termination "jens1102 won by checkmate"]

1. d4 Nf6 2. c4 e6 3. g3 d5 4. Bg2 c6 5. Nf3 Be7 6. Nbd2 O-O 7. O-O Nbd7 8. Qc2 b6 9. e4 dxe4 10. Nxe4 Nxe4 11. Qxe4 Bb7 12. Rd1 Nf6 13. Qc2 Rc8 14. b3 Qc7 15. Bf4 Bd6 16. Bxd6 Qxd6 17. Ne5 Rfd8 18. Rd2 Qc7 19. Rad1 Ba8 20. f4 c5 21. Bxa8 Rxa8 22. dxc5 Qxc5+ 23. Kg2 Qc7 24. Rxd8+ Rxd8 25. Rxd8+ Qxd8 26. Qd3 Qc7 27. h3 Kf8 28. g4 g6 29. Qd4 Ke7 30. b4 Qb7+ 31. Kh2 Qc7 32. b5 Kf8 33. Nc6 Ng8 34. g5 h6 35. h4 hxg5 36. hxg5 a6 37. a4 axb5 38.
cxb5 Ne7 39. Nxe7 Kxe7 40. Qf6+ Ke8 41. Qh8+ Kd7 42. Qd4+ Kc8 43. Kg3 Kb7 44. Qe4+ Ka7 45. Qd4 Kb8 46. Kf3 Kb7 47. Qe4+ Ka7 48. Qd4 Qb7+ 49.
Ke3 Qc7 50. Ke4 Qc2+ 51. Ke5 Qf5+ 52. Kd6 Kb7 53. Ke7 Qd5 54. Qxd5+ exd5 55. Kxf7 d4 56.
Kxg6 d3 57. f5 d2 58. f6 d1=Q 59. f7 Qd3+ 60. Kf6 Qd4+ 61. Kg6 Qe4+ 62. Kf6 Qf4+ 63. Kg6 Kc7 64. Kg7 Qxg5+ 65. Kf8 Kd7 66. a5 Ke6 67.
axb6 Qg6 68. Ke8 Qxf7+ 69. Kd8 Qd7# 0-1

[Event "Early-Titled-Tuesday-Blitz-November-28-2023"]
[Site "Chess.com"]
[Date "2023.11.28"]
[Round "3"]
[White "jeetjain"]
[Black "Gabrielian_Artur"]
[Result "1-0"]
[WhiteElo "2546"]
[BlackElo "2724"]
[TimeControl "180+1"]
[EndTime "8:30:13 PST"]
[Termination "jeetjain won by resignation"]

1. d4 Nf6 2. Nf3 g6 3. Nbd2 Bg7 4. e4 d6 5. h3 O-O 6. c3 c5 7. Bd3 cxd4 8. cxd4 Nc6 9. a3 Nd7 10. d5 Nce5 11. Be2 Nxf3+ 12. Nxf3 Nc5 13. Nd2 f5 14.
exf5 Bxf5 15. O-O Rc8 16. Nf3 Qb6 17. Ra2 Qb3 18. Qxb3 Nxb3 19. Be3 a6 20. a4 Be4 21.
Ra3 Bxd5 22. Rd1 Bf7 23. Ng5 Bxb2 24. Ra2 Bf6 25. Nxf7 Kxf7 26. Rb1 Nc5 27. Bxc5 Rxc5 28. Rxb7 a5 29. g3 h5 30. Bb5 Rfc8 31. Ra7 Bd4 32. Rxa5 Rc2 33. Rxc2 Rxc2 34. Ra6 Bxf2+ 35. Kg2 Bc5+ 36.
Kf1 Kf6 37. Ra8 Rb2 38. Rf8+ Ke5 39. g4 h4 40. Rg8 Kf4 41. Rxg6 e5 42. Rf6+ Kg3 43.
g5 Kh2 44. g6 Rg2 45. Bd7 Rg5 46.
a5 e4 47. a6 e3 48. Bg4 Kg3 49.
Rxd6 Bxd6 50. a7 Ra5 51. g7 Ra2 52. g8=Q Rf2+ 53. Ke1 Bb4+ 54. Kd1 Rd2+ 55. Kc1 Ba3+ 56. Kb1 1-0

[Event "Early-Titled-Tuesday-Blitz-November-28-2023"]
[Site "Chess.com"]
[Date "2023.11.28"]
[Round "3"]
[White "GaiozNigalidze"]
[Black "vovachesss"]
[Result "1-0"]
[WhiteElo "2675"]
[BlackElo "2854"]
[TimeControl "180+1"]
[EndTime "8:30:14 PST"]
[Termination "GaiozNigalidze won on time"]

1. d4 d5 2. c4 c6 3. cxd5 cxd5 4.
Nc3 Nf6 5. Bf4 Nc6 6. e3 a6 7. Nf3 Bg4 8. Bd3 Bxf3 9. Qxf3 e6 10. O-O Bd6 11. Rfc1 O-O 12. Bg5 h6 13. Bh4 Rc8 14. Na4 Qe7 15. Nb6 Rc7 16. Rc3 Bb4 17. Rc2 Ba5 18.
Na4 Nb4 19. Rxc7 Bxc7 20. Bf1 e5 21. Bxf6 Qxf6 22. Qxf6 gxf6 23. Nc5 exd4 24. exd4 Rb8 25. Nd7 Rd8 26. Nxf6+ Kg7 27. Nh5+ Kg6 28. Ng3 Bb6 29. Ne2 Kg7 30. a3 Nc6 31. Rd1 Re8 32. Rd3 Re4 33. f3 Re6 34. Kf2 Ne5 35. Rb3 Nc4 36. g3 a5 37. Bh3 Rc6 38. Bd7 Rc7 39. Bb5 Ba7 40. Rc3 Re7 41. Rc2 Nd6 42. Bd3 Re6 43. f4 Ne4+ 44.
Kf3 Nd6 45. f5 Re7 46. g4 Kf6 47. Nf4 Kg7 48. f6+ Kxf6 49. Nxd5+ Ke6 50. Nxe7 Kxe7 51.
d5 Bd4 52. Re2+ Kf6 53. b4 axb4 54. axb4 b6 55. h4 Bc3 56. Kf4 Bxb4 57. g5+ hxg5+ 58. hxg5+ Kg7 59. Re7 Bc5 60. Rd7 Kf8 61. Ke5 Ne8 62.
d6 Kg7 63. g6 1-0

[Event "Early-Titled-Tuesday-Blitz-November-28-2023"]
[Site "Chess.com"]
[Date "2023.11.28"]
[Round "3"]
[White "AccioChess"]
[Black "SchmakAttack"]
[Result "0-1"]
[WhiteElo "2463"]
[BlackElo "2756"]
[TimeControl "180+1"]
[EndTime "8:30:14 PST"]
[Termination "SchmakAttack won on time"]

1. d4 d5 2. Nf3 e6 3. Bf4 c5 4.
e3 Nf6 5. h3 Qb6 6. Qc1 Bd6 7.
Bxd6 Qxd6 8. c3 O-O 9. Nbd2 Nbd7 10. Bd3 e5 11. dxe5 Nxe5 12. Nxe5 Qxe5 13. O-O b6 14.
Qc2 Bb7 15. Rad1 Rfd8 16. Rfe1 Rac8 17. Qa4 a6 18. Nf3 Qe7 19. Qf4 b5 20. Bb1 h6 21.
Rd2 Ne4 22. Rdd1 a5 23. Bxe4 dxe4 24. Qe5 Kf8 25. Qxe7+ Kxe7 26. Nh2 Rd3 27. Rxd3 exd3 28. Nf1 c4 29. Nd2 b4 30. Rc1 Bd5 31. e4 Be6 32. f4 f6 33. Kf2 g5 34. f5 Bf7 35. Ke3 h5 36. Kd4 Rd8+ 37. Kc5 h4 38. cxb4 axb4 39. Kxb4 Rb8+ 40. Kc3 Kd6 41. Re1 Ke5 42. Rf1 Ra8 43. a3 Rb8 44. Rf2 Rb7 45. Rf1 Rc7 46. Rf2 Bh5 47. Rf1 Be2 48. Rc1 Kf4 49. Re1 Kg3 50.
Nxc4 Rxc4+ 51. Kxc4 d2+ 52. Rxe2 d1=Q 53. Re3+ Kxg2 0-1

[Event "Early-Titled-Tuesday-Blitz-November-28-2023"]
[Site "Chess.com"]
[Date "2023.11.28"]
[Round "3"]
[White "ozen_metehan"]
[Black "olksuna"]
[Result "1/2-1/2"]
[WhiteElo "2426"]
[BlackElo "2742"]
[TimeControl "180+1"]
[EndTime "8:30:15 PST"]
[Termination "Game drawn by repetition"]

1. e4 e5 2. Nf3 Nc6 3. Bb5 a6 4. Ba4 Nf6 5. O-O Be7 6. Bxc6 dxc6 7. d3 Nd7 8. Nbd2 f6 9. Nc4 Nf8 10. a4 a5 11. Nh4 Be6 12. Nf5 Bxc4 13. dxc4 Qxd1 14.
Rxd1 Ne6 15. Be3 g6 16. Nxe7 Kxe7 17. f3 Rhd8 18. Kf2 c5 19. c3 Rxd1 20. Rxd1 Rd8 21.
Rxd8 Kxd8 22. g3 b6 23. f4 exf4 24. gxf4 f5 25. exf5 gxf5 26. Kf3 Ke7 27. Bf2 Kf6 28. b3 Kg6 29. Bh4 Kh5 30. Be7 Kg6 31. Bh4 Kf7 32. Bf2 Ke8 33. Be3 Nf8 34. Kg3 Ng6 35. Bd2 Kd7 36.
Be3 Ke6 37. Kf3 Ne7 38. Bf2 Nc8 39. Bh4 Nd6 40. Ke3 Ne4 41. Kd3 Kd7 42. Be1 Nd6 43. Bh4 Ke6 44. Be1 Ne8 45. Ke3 Nf6 46. Bh4 Ng4+ 47. Kf3 Nxh2+ 48. Kg3 Ng4 49. Bd8 Kd7 50. Bh4 Nh6 51. Kf3 Ng8 52. Bg5 Ne7 53.
Bxe7 Kxe7 54. Kg3 Kf6 55. Kh4 Kg6 56. Kg3 Kh5 57. Kh3 Kh6 58. Kh4 Kg6 59. Kg3 h6 60. Kh4 Kg7 61. Kh5 Kh7 62. Kh4 Kg6 63. Kg3 Kh5 64. Kh3 Kg6 65. Kh4 Kf6 66. Kh5 Kg7 67.
Kh4 c6 68. Kh5 Kh7 69. Kh4 Kg6 70. Kg3 Kh5 71. Kh3 Kg6 72. Kh4 h5 73. Kg3 Kh6 74. Kh4 Kg6 75. Kg3 Kh6 76. Kh4 Kg6 1/2-1/2

[Event "Early-Titled-Tuesday-Blitz-November-28-2023"]
[Site "Chess.com"]
[Date "2023.11.28"]
[Round "3"]
[White "MokshAD1603"]
[Black "OhanyanEminChess"]
[Result "1/2-1/2"]
[WhiteElo "2661"]
[BlackElo "2854"]
[TimeControl "180+1"]
[EndTime "8:30:19 PST"]
[Termination "Game drawn by stalemate"]

1. d4 d5 2. c4 c6 3. Nf3 Nf6 4. Nc3 e6 5. g3 dxc4 6. Bg2 b5 7. O-O Bb7 8. e4 b4 9. e5 Nfd7 10. Ne4 h6 11. Nfd2 Nb6 12. Nc5 Qc7 13. Qc2 N8d7 14. Nxb7 Qxb7 15. Nxc4 Nxc4 16. Qxc4 Rc8 17. Bd2 Nb6 18.
Qc2 Be7 19. Rac1 O-O 20. Bxc6 Qa6 21. Qb3 Rfd8 22. Bxb4 Bxb4 23. Qxb4 Qxa2 24. Be4 g6 25. Qe7 Qxb2 26. Rxc8 Rxc8 27. Bxg6 Rf8 28. Bh7+ Kg7 29. Bb1 Nd5 30. Qh4 a5 31. Qg4+ Kh8 32. Qe4 f5 33. exf6 Nxf6 34. Qg6 Qxd4 35. Qxh6+ Kg8 36. Rc1 Qxf2+ 37.
Kxf2 Ng4+ 38. Kg2 Nxh6 39. Rc6 Kf7 40. Ra6 Rb8 41. Be4 Rb4 42. Bc6 Nf5 43. Rxa5 Rc4 44. Bf3 Rc2+ 45. Kh3 Ne3 46. Re5 Nf1 47. Bg2 Nd2 48. Re2 Rb2 49. g4 Kf6 50. Kh4 Nc4 51. Rxb2 Nxb2 52. g5+ Kg7 53. Kg4 Nc4 54. h4 Ne3+ 55.
Kf3 Nf5 56. Kg4 Ne3+ 57. Kh3 Nf5 58. Be4 Nd6 59. Bd3 Nf7 60. Kg4 Nh6+ 61. Kf4 Nf7 62. h5 Nxg5 63. Kxg5 e5 64. Be4 Kh8 65. Kf6 Kg8 66. Kg6 Kh8 67. Kh6 Kg8 68. Kg6 Kh8 69.
Kf6 Kg8 70. Kxe5 Kh8 71. Kf5 Kg8 72. Kg5 Kh8 73. Kg6 Kg8 74. Kh6 Kh8 75. Kg6 Kg8 76.
h6 Kh8 77. h7 1/2-1/2

[Event "Early-Titled-Tuesday-Blitz-November-28-2023"]
[Site "Chess.com"]
[Date "2023.11.28"]
[Round "3"]
[White "Actuary44"]
[Black "GeorgiosSouleidis"]
[Result "0-1"]
[WhiteElo "2452"]
[BlackElo "2624"]
[TimeControl "180+1"]
[EndTime "8:30:22 PST"]
[Termination "GeorgiosSouleidis won by resignation"]

1. e4 c5 2. d4 cxd4 3. c3 d5 4.
exd5 Nf6 5. cxd4 Nxd5 6. Nf3 e6 7. Nc3 Nxc3 8. bxc3 Qc7 9. Bd2 Bd6 10. Bd3 Nd7 11. O-O Nf6 12. Bg5 Be7 13. Qd2 h6 14. Bh4 b6 15.
Bb5+ Bd7 16. Bxd7+ Qxd7 17. Ne5 Qc7 18. Rfe1 O-O 19.
Re3 Rfd8 20. Qe2 Rac8 21. Qf3 Rf8 22. Rd3 Nd5 23. Bg3 Bd6 24. Rc1 Ne7 25. h3 Nf5 26. Bh2 Nh4 27. Qh5 Ng6 28. Re3 Bxe5 29. Bxe5 Nxe5 30.
Rxe5 Qc4 31. Re3 Qxa2 32. Rg3 Qd2 33. Rd1 Qf4 34. Rg4 Qf6 35. Rd3 g5 36. Rdg3 Qg6 37.
Rxg5 hxg5 38. Rxg5 Kg7 39. Rxg6+ fxg6 40. Qe5+ Rf6 41. g4 Kf7 42. g5 Rf5 43. Qd6 Rxg5+ 44. Kf1 Re8 45. Qd7+ Re7 46. Qd6 Rd5 47. Qc6 Red7 48.
Ke2 Re7 49. f3 Rf5 50. Ke3 Kg7 51. f4 Ref7 52. Qxe6 Rxf4 53. Qe5+ Kh7 54. Qe6 Rf3+ 55. Kd2 R3f6 56. Qe5 Kg7 57. h4 Kg8 58. h5 gxh5 59.
Qxh5 Rf5 60. Qg4+ Kf8 61. Kd3 b5 62. Ke4 Rf4+ 63. Qxf4 Rxf4+ 64. Kxf4 a5 65. Ke5 a4 66. Kd6 a3 67. Kc7 a2 68. d5 a1=Q 69. d6 Qxc3+ 70. Kb6 b4 71. d7 Qd4+ 0-1

[Event "Early-Titled-Tuesday-Blitz-November-28-2023"]
[Site "Chess.com"]
[Date "2023.11.28"]
[Round "3"]
[White "Kovalyov_Eduard"]
[Black "nitpicker"]
[Result "0-1"]
[WhiteElo "2455"]
[BlackElo "2320"]
[TimeControl "180+1"]
[EndTime "8:30:22 PST"]
[Termination "nitpicker won by checkmate"]

1. d4 Nf6 2. c4 e6 3. Nc3 Bb4 4. e3 d5 5. a3 Be7 6. Nf3 c6 7.
Bd3 O-O 8. O-O b6 9. Qc2 Nbd7 10.
e4 h6 11. e5 Ne8 12. b3 Bb7 13. Bb2 Rc8 14. Qe2 Nc7 15. Rac1 c5 16. Rfd1 Qe8 17.
Bb1 g6 18. h4 h5 19. g3 cxd4 20. Nxd4 dxc4 21. bxc4 Nc5 22. Ndb5 Nxb5 23. Nxb5 Qc6 24.
f3 Qxf3 25. Qxf3 Bxf3 26. Re1 a6 27. Nd6 Bxd6 28. exd6 Rfd8 29. Be5 Nb7 30. Re3 Bg4 31. Rb3 b5 32. Rbc3 Nxd6 33. Bf6 Rd7 34. cxb5 Rxc3 35. Rxc3 axb5 36. Rc6 Ne8 37. Rc8 Kf8 38. Be4 e5 39. Rb8 Rd6 40. Bxe5 Re6 41. Rxb5 f6 42. a4 Rxe5 43.
Rxe5 fxe5 44. Bxg6 Nc7 45. Kf2 Ke7 46. Ke3 Kd6 47.
Bf7 Nd5+ 48. Ke4 Nc3+ 49. Ke3 Nxa4 50. Ke4 Nc5+ 51. Ke3 Ne6 52. Ke4 Nd4 53. Ke3 Nf5+ 54. Kf2 e4 55. Bg6 Ke5 56. Bh7 e3+ 57. Kg2 Kd4 58. Bg8 Kd3 59. Bb3 Kd2 60. Bc4 e2 61. Bxe2 Kxe2 62. Kg1 Kf3 63. Kh2 Kf2 64. Kh1 Kxg3 65.
Kg1 Kxh4 66. Kh2 Kg5 67. Kg2 h4 68. Kh2 Kf4 69. Kg2 Ne3+ 70. Kh2 Kf3 71. Kg1 Kg3 72.
Kh1 h3 73. Kg1 h2+ 74. Kh1 Bf3# 0-1

[Event "Early-Titled-Tuesday-Blitz-November-28-2023"]
[Site "Chess.com"]
[Date "2023.11.28"]
[Round "3"]
[White "marcodobrikov"]
[Black "mbojan"]
[Result "1/2-1/2"]
[WhiteElo "2615"]
[BlackElo "2850"]
[TimeControl "180+1"]
[EndTime "8:30:23 PST"]
[Termination "Game drawn by repetition"]

1. Nc3 a6 2. e4 e6 3. d4 d5 4.
Be3 Nf6 5. exd5 exd5 6. f3 Bb4 7. Qd2 O-O 8. O-O-O Re8 9. Bd3 Nbd7 10. Nge2 Nf8 11. g4 c6 12. h4 b5 13. h5 Bxc3 14. Nxc3 a5 15. g5 N6d7 16. Ne2 b4 17. g6 Nf6 18. Bg5 Ba6 19. Nf4 Bxd3 20. Nxd3 fxg6 21. h6 Ne6 22.
hxg7 Nxg5 23. Qxg5 Nh5 24. Qh6 Ra7 25. Ne5 Rxg7 26.
Rdg1 Qc7 27. f4 Rf8 28. Rg4 c5 29. dxc5 Nxf4 30. Rxf4 Qxe5 31. Rxf8+ Kxf8 32. Rf1+ Kg8 33. c6 Rf7 34. Rd1 Qf4+ 35. Qxf4 Rxf4 36. Rxd5 Rc4 37. Rxa5 h5 38. Kd2 Kg7 39. a3 bxa3 40. Rxa3 Rxc6 41. b4 h4 42. b5 Rd6+ 43. Ke3 g5 44. c4 Kf7 45. c5 Rd5 46. Rc3 Ke7 47. Ke4 Rd1 48.
Kf5 Rb1 49. b6 Rb5 50. Kxg5 h3 51. b7 Rxb7 52. Rxh3 Rb5 53. Rc3 Kd7 54. Kf4 Kc6 55. Ke4 Rb1 56. Kd4 Rh1 57. Kc4 Rh4+ 58. Kb3 Rh8 59. Kb4 Rb8+ 60. Kc4 Rh8 61. Rd3 Rh4+ 62. Rd4 Rh6 63. Re4 Rg6 64. Rd4 Rh6 65. Kb4 Rg6 66.
Kc4 Rh6 1/2-1/2

[Event "Early-Titled-Tuesday-Blitz-November-28-2023"]
[Site "Chess.com"]
[Date "2023.11.28"]
[Round "3"]
[White "Arimin1329"]
[Black "MasterKroket"]
[Result "1/2-1/2"]
[WhiteElo "2373"]
[BlackElo "2498"]
[TimeControl "180+1"]
[EndTime "8:30:31 PST"]
[Termination "Game drawn by repetition"]

1. Nf3 Nf6 2. g3 d5 3. Bg2 c6 4. d4 Bf5 5. c4 h6 6. Nc3 e6 7. O-O Be7 8. b3 O-O 9. Bb2 Nbd7 10.
Nd2 Bh7 11. e4 dxe4 12. Ndxe4 Nxe4 13. Nxe4 Nf6 14. Re1 Qc7 15. Qd2 Rfd8 16. Rad1 c5 17. d5 exd5 18. Nxf6+ Bxf6 19. Bxf6 gxf6 20. Bxd5 Kg7 21.
Qe2 Re8 22. Qf3 Rxe1+ 23. Rxe1 Rb8 24. h4 b6 25. Qg4+ Kh8 26. Qh5 Kg7 27. Re3 Qd7 28. Qe2 Rf8 29. Re7 Qf5 30. Rxa7 h5 31. Rb7 Bg6 32. Rxb6 Qc8 33. Rb7 Re8 34. Re7 Rxe7 35. Qxe7 Qf5 36. Qxc5 Qb1+ 37. Kh2 Qxa2 38. Qe3 Qb2 39.
c5 Qc2 40. Bc4 Be4 41. Bf1 Bd5 42. Bg2 Bxb3 43. Bb7 Be6 44. Be4 Qd1 45. Bf3 Qc2 46. Bxh5 Bd5 47. Bf3 Bxf3 48. Qxf3 Qxc5 49. Qg4+ Kh7 50. Qf4 Kg7 51. g4 Qd5 52. Qg3 Qe4 53. Qg2 Qf4+ 54. Kh3 Kh7 55. g5 f5 56. Qg3 Qe4 57.
h5 Kg7 58. Kh2 Kh7 59. g6+ fxg6 60. Qxg6+ Kh8 61. h6 Qf4+ 62. Kg1 Qe5 63. Qh5 Kh7 64. Qh2 Qxh2+ 65. Kxh2 Kxh6 66. Kg3 Kg5 67. Kf3 Kg6 68. Kf4 Kf6 69. f3 Kg6 70. Ke5 f4 71. Kxf4 Kf6 72.
Kg4 Kg6 73. f4 Kf6 74. f5 Kf7 75. Kf4 Kf6 76. Ke4 Kf7 77. Kf4 Kf6 78. Ke4 Kf7 79. Kf4 1/2-1/2

[Event "Early-Titled-Tuesday-Blitz-November-28-2023"]
[Site "Chess.com"]
[Date "2023.11.28"]
[Round "3"]
[White "suyu28"]
[Black "rasmussvane"]
[Result "0-1"]
[WhiteElo "2740"]
[BlackElo "2992"]
[TimeControl "180+1"]
[EndTime "8:30:32 PST"]
[Termination "rasmussvane won on time"]

1. d4 Nf6 2. c4 e6 3. Nf3 d5 4.
g3 Bb4+ 5. Bd2 a5 6. Bg2 O-O 7. Qc2 Be7 8. O-O c6 9. Bf4 Nbd7 10. Nbd2 Nh5 11. Be3 b6 12. cxd5 cxd5 13. Ne5 Bb7 14. Nc6 Qe8 15. Nxe7+ Qxe7 16. Nf3 Rfc8 17. Qd2 h6 18.
Rfc1 Nhf6 19. Rxc8+ Rxc8 20. Rc1 Qd8 21. Rc2 Ne4 22. Qc1 Rxc2 23. Qxc2 Nd6 24. Bf4 Nf5 25. h4 Ne7 26. Qc7 Qxc7 27. Bxc7 Ba6 28. e3 Kf8 29.
Nd2 Ke8 30. g4 g6 31. Bf4 h5 32. gxh5 gxh5 33. Bf3 Nf5 34. Bg5 f6 35. Bxh5+ Kd8 36. Bf4 Nxh4 37. Bg4 Ke7 38. Bg3 Ng6 39. Bh5 Nh8 40.
f3 Bd3 41. Kf2 Bg6 42. Bg4 Bd3 43. e4 Nf7 44. Ke3 Bb5 45. Bh4 Nh6 46. Bh3 Kf7 47.
b3 Bc6 48. Nb1 Ng8 49. Nc3 Ne7 50. Bg4 Bb7 51. Bh5+ Kf8 52. Bg4 Kf7 53. Bh5+ Kf8 54. Bg3 dxe4 55. fxe4 f5 56. Bd6 fxe4 57. Nxe4 Bxe4 58.
Kxe4 Nf6+ 59. Ke5 Nxh5 60. Kxe6 Ng7+ 61. Kd7 Nf5 62. Ba3 Kf7 63. Bxe7 Nxe7 64. Kc7 Nd5+ 65. Kd6 Nb4 0-1